 Dungeon Crawl Stone Soup version 0.22-a0-298-g92d99f377c (webtiles) character file.

51 Infinimo the Digger (level 3, 0/28 HPs)
             Began as a Deep Dwarf Earth Elementalist on Mar 25, 2018.
             Slain by an orc
             ... wielding a +0 hand axe
              (9 damage)
             ... on level 3 of the Dungeon.
             The game lasted 00:02:17 (1802 turns).

Infinimo the Digger (Deep Dwarf Earth Elementalist) Turns: 1802, Time: 00:02:17

Health: 0/28       AC:  2    Str: 11    XL:     3   Next: 57%
Magic:  2/6        EV: 13    Int: 16    God:
Gold:   71         SH:  0    Dex: 13    Spells: 5/6 levels left

rFire    . . .     SeeInvis .   (no weapon)
rCold    . . .     Gourm    .   (no shield)
rNeg     . . .     Faith    .   c - +0 robe
rPois    .         Spirit   .   (no helmet)
rElec    .         Reflect  .   (no cloak)
rCorr    .         Harm     .   (no gloves)
MR       .....                  (no boots)
Stlth    ++........             (no amulet)
HPRegen  0.00/turn              (no ring)
MPRegen  0.10/turn              (no ring)

@: non-regenerating
A: damage resistance, heal wounds, sense surroundings 1, no regeneration
a: Heal Wounds


You were on level 3 of the Dungeon.
You were not hungry.

You visited 1 branch of the dungeon, and saw 3 of its levels.

You collected 71 gold pieces.

Inventory:

Missiles
 b - 57 stones (quivered)
Armour
 c - a +0 robe (worn)
Jewellery
 i - an uncursed amulet of the gourmand {unknown}
 j - a +4 amulet of reflection {unknown}
Scrolls
 a - 3 scrolls of magic mapping {unknown}
 e - a scroll of enchant armour {unknown}
 g - 2 scrolls of fear {unknown}
 k - 3 scrolls of identify {unknown}
 l - a scroll of enchant weapon {unknown}
Potions
 h - a potion of lignification {unknown}
Comestibles
 d - 4 rations


   Skills:
 + Level 2.9 Dodging
 - Level 2.4 Stealth
 + Level 2.2 Spellcasting
   Level 0.8 Transmutations
 * Level 5.2 Earth Magic


You had 5 spell levels left.
You knew the following spells:

 Your Spells              Type           Power        Failure   Level  Hunger
a - Sandblast             Erth           ###...       2%          1    #......


Dungeon Overview and Level Annotations

Branches:
Dungeon (3/15)

Altars:
Dithmenos
Gozag
Kikubaaqudgha
Xom
Zin


Innate Abilities, Weirdness & Mutations

You are resistant to damage.
You can heal yourself by infusing magical energy.
You passively map a small area around you.
You do not regenerate.


Message History

There is a stone staircase leading down here.
Casting: Sandblast (safe; 2% risk of failure)
Confirm with . or Enter, or press ? or * to list all spells.
Aiming: Sandblast (safe; 2% risk of failure)
Press: ? - help, Shift-Dir - straight line, f/p - orc
Aim: an orc, wielding a hand axe and wearing a scale mail The blast of sand hits the orc.
The orc is severely wounded.
b - 58 stones The orc hits you with a hand axe.
Casting: Sandblast (safe; 2% risk of failure)
Confirm with . or Enter, or press ? or * to list all spells.
Aiming: Sandblast (safe; 2% risk of failure)
Press: ? - help, Shift-Dir - straight line, f/p - orc
Aim: an orc, wielding a hand axe and wearing a scale mail (severely wounded)
The blast of sand hits the orc.
The orc is severely wounded.
b - 57 stones The orc hits you with a hand axe!
You die...

######### ##.##
###.......# #...#######
##...#####.####.........##
##.###.##
*.......⌠........ #.##
##.###.##..#...≈≈≈≈... #.#
#...#.###.##..≈≈≈≈... #.##
##.#.#.# #.##..≈≈≈≈...
##.###.##.#.#
#.#...≈...... ##......o@.#
#.#...≈...... ##.####.###
#.#._≈....⌠.. #.#
#.#####.#....##.... #.#
#.......########... #.#
#######............ #.#
##.+###.##.## #.########
##...##.##.##
#......>.###.....#....##
##.#.#.#.##.....<.######


You could see an orc.

Vanquished Creatures
  An adder (D:2)
  2 oozes
  A dart slug (D:2)
  An orc (D:3)
  3 hobgoblins
  6 jackals
  4 bats
  2 frilled lizards (D:1)
  4 kobolds
  7 rats
31 creatures vanquished.

Notes
Turn   | Place    | Note
-------+----------+-------------------------------------------
     0 | D:1      | Infinimo the Deep Dwarf Earth Elementalist began the quest for the Orb.
     0 | D:1      | Reached XP level 1. HP: 15/15 MP: 3/3
   397 | D:1      | Reached XP level 2. HP: 22/22 MP: 1/4
   976 | D:2      | Reached XP level 3. HP: 25/28 MP: 2/6
   978 | D:2      | Reached skill level 5 in Earth Magic
  1092 | D:2      | Found a bloodstained altar of Trog.
  1094 | D:2      | Found a glowing silver altar of Zin.
  1094 | D:2      | Found an opulent altar of Gozag.
  1096 | D:2      | Found a burning altar of Makhleb.
  1096 | D:2      | Found a shadowy altar of Dithmenos.
  1096 | D:2      | Found a shimmering altar of Xom.
  1652 | D:3      | Found an ancient bone altar of Kikubaaqudgha.
  1736 | D:3      | Found a shadowy altar of Dithmenos.
  1802 | D:3      | Slain by an orc

Vault maps used:
D:1:      shiori_arrival_oz, supply_closet_lemuel
D:2:      lemuel_upstairs_altar, doesnt_xom_only_xom
D:3:      kiku_gazebo_pond_becter, lemuel_coloured_pillars_altar,
          lemuel_round_altar, grunt_dithmenos_smoke_and_mirrors

Skill      XL: |  1  2  3 |
---------------+----------+-----
Spellcasting   | 2 |  2.2
Earth Magic    | 5 |  5.2
Dodging        | |  2.9
Stealth        | |  2.4
Transmutations | |  0.8

Action                   || total
-------------------------++-------
Melee: Unarmed           ||     2
 Cast: Sandblast         ||    50
  Eat: Chunk             ||     3
Armor: Robe              ||     3
Dodge: Dodged            ||    18

Table legend:
 A = Spawn XP
 B = Non-spawn XP
 C = Spawn XP percentage of total XP
 D = Spawn monster count
 E = Non-spawn monster count
 F = Spawn count percentage of total count
 G = Total turns spent on level
                    A         B        C        D         E        F      G
               +---------+---------+-------+---------+---------+-------+---------
         Total |       0 |      73 |   0.0 |       0 |      31 |   0.0 |  1802
               +---------+---------+-------+---------+---------+-------+---------
           D:1 |       0 |      25 |   0.0 |       0 |      14 |   0.0 |   832
           D:2 |       0 |      42 |   0.0 |       0 |      14 |   0.0 |   747
           D:3 |       0 |       6 |   0.0 |       0 |       3 |   0.0 |   223
               +---------+---------+-------+---------+---------+-------+---------
